 Dungeon Crawl Stone Soup version 0.31-a0-1576-ga3383bade6 (webtiles) character file.

Game seed: 5201594766996066462

96 lunkers the Magician (level 4, -2/31 HPs)
             Began as a Djinni Earth Elementalist on Jan 4, 2024.
             Slain by a sky beast (5 damage)
             ... on level 4 of the Dungeon.
             The game lasted 00:02:24 (2491 turns).

lunkers the Magician (Djinni Earth Elementalist)    Turns: 2491, Time: 00:02:25

Health: -2/31      AC:  2    Str:  9    XL:     4   Next: 98%
Gold:   118        EV: 12    Int: 18    God:
                   SH:  0    Dex: 14

rFire   + . .        m - +4 morningstar "Doikled" {holy, ^Contam rPois Str+2}
rCold   + . .        (no shield)
rNeg    . . .        a - +0 robe
rPois   ∞            (no helmet)
rElec   .            (no cloak)
rCorr   .            (no gloves)
SInv    .            (boots unavailable)
Will    .....        (no amulet)
Stlth   ++           b - ring of protection from cold
HPRegen 0.25/turn    i - ring of ice
MPRegen 0.00/turn

%: infuse magic (-3 HP)
@: flying
A: sickness immunity, fire resistance 2, cold vulnerability 1, float, innate
caster, HP casting, extra vitality 1
a: no special abilities


You were on level 4 of the Dungeon.
You visited 1 branch of the dungeon, and saw 4 of its levels.

You collected 118 gold pieces.

Inventory:

Hand Weapons
 d - a +3 dagger of venom
 m - the +4 morningstar "Doikled" (weapon) {holy, ^Contam rPois Str+2}
   (You found it on level 3 of the Dungeon)

   Str+2:     It affects your strength (+2).
   rPois:     It protects you from poison ^Contam: It causes magical
   contamination when unequipped.
Armour
 a - a +0 robe (worn)
 c - a +0 ring mail
Jewellery
 b - a ring of protection from cold (left hand)
 i - a ring of ice (right hand)
 n - the amulet of Tuzuol {Reflect SH+5 Stlth+}
   (You found it on level 3 of the Dungeon)

   [amulet of reflection]

   Reflect:   It reflects blocked missile attacks.
   SH+5:      It affects your SH (+5).
   Stlth+:    It makes you more stealthy.
Scrolls
 l - a scroll of summoning
Potions
 f - a potion of lignification
 g - a potion of mutation {unknown}
 j - a potion of magic {unknown}
 o - a potion of resistance {unknown}


   Skills:
 - Level 2.1 Dodging
 - Level 1.5 Stealth
 + Level 4.6 Spellcasting
 + Level 4.6 Conjurations
 + Level 4.6 Hexes
   Level 0.0 Charms
 + Level 4.6 Summonings
 + Level 4.6 Necromancy
 + Level 4.6 Translocations
   Level 0.0 Transmutations
 + Level 4.6 Fire Magic
 + Level 4.6 Ice Magic
 + Level 4.6 Air Magic
 + Level 4.6 Earth Magic
 + Level 4.6 Alchemy


You knew the following spells:

 Your Spells              Type           Power      Damage    Failure   Level
a - Stone Arrow           Conj/Erth      40%        3d9       6%          3
b - Passwall              Erth           20%        N/A       6%          3
c - Sandblast             Erth           40%        2d10      1%          1
d - Petrify               Alch/Erth      20%        N/A       21%         4
e - Brom's Barrelling Bo  Conj/Erth      20%        2d4       21%         4
f - Necrotise             Necr           80%        1d8       1%          1
Your spell library was empty.

Dungeon Overview and Level Annotations

Branches:
Dungeon (4/15)
 Temple: D:4-7

Altars:
Uskayaw


Innate Abilities, Weirdness & Mutations

You are immune to sickness and miasma.
You are immune to poison.
Your flesh is very heat resistant. (rF++)
You are vulnerable to cold. (rC-)
You float through the air rather than walking.
You learn spells naturally, not from books.
Your magical power is your life essence.
You have superior vitality. (+4 MHP)


Message History

Found 9 gold pieces.
A sky beast is nearby!
Casting: Stone Arrow (dangerous; 6% risk of failure)
Confirm with . or Enter, or press ? or * to list all spells.
The stone arrow misses the sky beast.
A sky beast is nearby!
Casting: Stone Arrow (dangerous; 6% risk of failure)
Confirm with . or Enter, or press ? or * to list all spells.
The stone arrow misses the sky beast.
* * * LOW HITPOINT WARNING * * *
Aiming: Sandblast (safe; 1% risk of failure)
Press: ? - help, Q - select action, (/) - cycle Shift-Dir - straight line, f/p - sky beast
Aim: a sky beast (76% to hit)
The blast of sand hits the sky beast!
The sky beast is moderately wounded.
* * * LOW HITPOINT WARNING * * *
The sky beast closely misses you. x2
You closely miss the sky beast.
The sky beast is moderately wounded.
The sky beast completely misses you.
Unknown command.
You miss the sky beast.
The sky beast is moderately wounded.
The sky beast hits you.
* * * LOW HITPOINT WARNING * * *
The sky beast shocks you.
* * * LOW HITPOINT WARNING * * *
The sky beast hits you.
* * * LOW HITPOINT WARNING * * *
The sky beast shocks you.
* * * LOW HITPOINT WARNING * * *
Unknown command.
Aiming: Sandblast (safe; 1% risk of failure)
Press: ? - help, Q - select action, (/) - cycle Shift-Dir - straight line, f/p - sky beast
Aim: a sky beast (moderately wounded, 76% to hit)
The blast of sand hits the sky beast.
The sky beast is heavily wounded.
* * * LOW HITPOINT WARNING * * *
The sky beast hits you.
You die...

.# #.# #.# #.# #.#
#######.##
#.##########.........
####.#...)......@Y.....$
.....#.########.........
#.#....# .. #††.......
#......#.####.#.........
###...<.......+.........
##.#.#....#.#.........
...#.....## #########.
#####....... #######.#


You could see a sky beast.

Vanquished Creatures
  A bombardier beetle (D:3)
  An adder (D:3)
  3 dart slugs
  A ribbon worm (D:2)
  2 bats
  3 endoplasms
  A giant cockroach (D:1)
  7 goblins
  5 hobgoblins
  3 quokkas (D:1)
  5 ball pythons
  5 frilled lizards
  6 kobolds
  3 rats
46 creatures vanquished.

Notes
Turn   | Place    | Note
-------+----------+-------------------------------------------
     0 | D:1      | lunkers the Djinni Earth Elementalist began the quest for
                  | the Orb.
     0 | D:1      | lunkers set off with the following spells memorised:
                  | Sandblast, Passwall, Stone Arrow, Petrify, Brom's
                  | Barrelling Boulder.
     0 | D:1      | Reached XP level 1. HP: 15/15 MP: 0/0
   100 | D:1      | Reached XP level 2. HP: 21/21 MP: 0/0
   558 | D:1      | Reached XP level 3. HP: 24/25 MP: 0/0
   558 | D:1      | Learned a level 1 spell: Necrotise
  1860 | D:3      | Found a hide-covered altar of Uskayaw.
  1864 | D:3      | Identified the +4 morningstar "Doikled" {holy, ^Contam
                  | rPois Str+2}
  1881 | D:3      | Reached XP level 4. HP: 24/31 MP: 0/0
  2056 | D:3      | Identified the amulet of Tuzuol {Reflect SH+5 Stlth+}
  2222 | D:3      | Found a faded altar of an unknown god.
  2483 | D:4      | Noticed a sky beast
  2491 | D:4      | Slain by a sky beast

Illustrated notes

Levels and vault maps discovered:
D:1:      nicolae_arrival_memento_mori, layout_basic
D:2:      layout_basic, minmay_pentomino_p2
D:3:      layout_loops_ring, lemuel_tele_altar, ebering_ecumenical_altar_rust,
          minmay_close_crescents
D:4:      layout_basic, lemuel_round_altar, amethyst_overflow_temple_binary,
          minmay_temple_entry_large_hall, grunt_ministairs_5

Skill      XL: |  1  2  3 |
---------------+----------+-----
Spellcasting   | 4 |  4.6
Conjurations   | 4 |  4.6
Hexes          | 4 |  4.6
Summonings     | 4 |  4.6
Necromancy     | 4 |  4.6
Translocations | 4 |  4.6
Fire Magic     | 4 |  4.6
Ice Magic      | 4 |  4.6
Air Magic      | 4 |  4.6
Earth Magic    | 4 |  4.6
Alchemy        | 4 |  4.6
Dodging        | |  2.1
Stealth        | |  1.5

Action                     |  1- 3 |  4- 6 || total
---------------------------+-------+-------++-------
  Melee: Morningstar       |       |     2 ||     2
   Cast: Sandblast         |    58 |    16 ||    74
         Stone Arrow       |       |     5 ||     5
    Use: Scroll            |       |     4 ||     4
 Armour: Robe              |     3 |     6 ||     9
  Dodge: Dodged            |    19 |     7 ||    26

Table legend: (Time is in decaauts)
 A = Elapsed time spent in this place.
 B = Non-inter-level travel time spent in this place.
 C = Inter-level travel time spent in this place.
 D = Time resting spent in this place.
 E = Time spent auto-exploring this place.
 F = Levels seen in this place.
 G = Mean time per level.
                   A        B        C        D        E       F      G
               +--------+--------+--------+--------+--------+-----+--------+
         Total |   2525 |   2428 |     97 |      0 |   2135 |   4 |  631.2 |
       Dungeon |   2525 |   2428 |     97 |      0 |   2135 |   4 |  631.2 |
               +--------+--------+--------+--------+--------+-----+--------+

Top non-repeatable levels by time:
     D:2: 980 daAuts
     D:1: 825 daAuts
     D:3: 683 daAuts
     D:4: 36 daAuts
